 Dungeon Crawl Stone Soup version 0.28-a0-429-g1448048969 (webtiles) character file.

Game seed: 14251011612424519875

8033 SkeletonJelly the Arsonist (level 11, -8/82 HPs)
             Began as a Green Draconian Cinder Acolyte on Sept 11, 2021.
             Was a High Priest of Ignis.
             Mangled by a troll (12 damage)
             ... on level 10 of the Dungeon.
             The game lasted 00:29:51 (13159 turns).

SkeletonJelly the Arsonist (DrCA)                  Turns: 13159, Time: 00:29:51

Health: -8/82      AC:  7    Str: 16    XL:     11   Next: 4%
Magic:  25/25      EV: 11    Int: 30    God:    Ignis [*****.]
Gold:   596        SH:  0    Dex: 11    Spells: 26/30 levels left

rFire   + . .      SeeInvis .   N - +7 Singing Sword {vorpal, sonic wave}
rCold   . . .      Faith    +   (no shield)
rNeg    . . .      Spirit   .   (armour unavailable)
rPois   +          Reflect  .   (helmet restricted)
rElec   .          Harm     .   (no cloak)
rCorr   .          Rampage  .   (no gloves)
Will    .....                   (no boots)
Stlth   +.........              G - amulet of Ihodasm {Faith Dex+4}
HPRegen 0.23/turn               F - +6 ring of intelligence
MPRegen 0.19/turn               h - +6 ring of intelligence

@: about to teleport, studying Dodging
A: breathe noxious fumes, AC +7, unfitting armour, poison resistance,
cold-blooded
a: Breathe Noxious Fumes, Renounce Religion, Sea of Fire, Foxfire Swarm, Rising
Flame


You were on level 10 of the Dungeon.
You worshipped Ignis.
Ignis was extremely pleased with you.
You visited 2 branches of the dungeon, and saw 12 of its levels.

You collected 596 gold pieces.

Inventory:

Hand Weapons
 a - a -1 falchion of flaming
 y - a +1 whip of electrocution
 A - a +0 short sword of protection
 J - a +0 falchion of flaming
 N - the +7 Singing Sword (weapon) {vorpal, sonic wave}
   (You found it on level 7 of the Dungeon)

   It inflicts extra damage upon your enemies.
   It radiates damaging sonic waves as it strikes, especially in combat
   involving dangerous or numerous foes.
 O - the +1 hand axe "Vufeklum" {flame, +Blink rN+ Int-4}
   (You found it on level 8 of the Dungeon)

   It burns those it strikes, dealing additional fire damage.
   Big, fiery blades are also staple armaments of hydra-hunters.
   Int:       It affects your intelligence (-4).
   rN:        It protects you from negative energy.
   +Blink:    It lets you blink.
 P - a +4 long sword
Missiles
 x - 66 poisoned darts
 B - 2 curare-tipped darts
 K - 6 atropa-tipped darts
Armour
 C - a +0 kite shield
 H - a +0 pair of boots
 I - a +0 pair of gloves
Jewellery
 g - a ring of protection from fire
 h - a +6 ring of intelligence (right hand)
 p - a ring of ice
 r - a ring of flight
 F - a +6 ring of intelligence (left hand)
 G - the amulet of Ihodasm (around neck) {Faith Dex+4}
   (You found it on level 6 of the Dungeon)

   [amulet of faith]

   It allows you to gain divine favour quickly.
   Dex:       It affects your dexterity (+4).
 S - a +4 ring of protection
Wands
 o - a wand of iceblast (17)
 v - a wand of flame (15)
 z - a wand of mindburst (13)
 D - a wand of digging (8)
Scrolls
 d - 9 scrolls of identify {unknown}
 e - 4 scrolls of enchant weapon {unknown}
 i - 2 scrolls of blinking {unknown}
 k - 2 scrolls of teleportation
 s - a scroll of fog {unknown}
 t - 2 scrolls of immolation {unknown}
 u - 3 scrolls of fear {unknown}
 L - a scroll of torment {unknown}
 R - a scroll of silence {unknown}
Potions
 b - 3 potions of curing
 c - a potion of berserk rage {unknown}
 f - a potion of haste {unknown}
 j - 4 potions of lignification {unknown}
 l - a potion of mutation {unknown}
 m - 2 potions of flight {unknown}
 n - 3 potions of heal wounds {unknown}
 q - 2 potions of degeneration {unknown}
 w - 4 potions of attraction {unknown}
 E - 2 potions of might {unknown}
 M - 2 potions of ambrosia {unknown}
 Q - a potion of cancellation {unknown}


   Skills:
 - Level 3.2 Fighting
 + Level 8.6 Long Blades
 - Level 10.0 Spellcasting
 - Level 10.0 Fire Magic
 - Level 3.0 Air Magic
 - Level 4.1 Poison Magic


You had 26 spell levels left.
You knew the following spells:

 Your Spells              Type           Power      Damage    Failure   Level
a - Scorch                Fire           100%       2d10      1%          2
P - Poisonous Vapours     Pois/Air       72%        N/A       1%          2

Your spell library contained the following spells:

 Spells                   Type           Power      Damage    Failure   Level
 Corpse Rot               Necr/Air       N/A        N/A       2%          2
 Animate Skeleton         Necr           30%        N/A       3%          1
 Pain                     Necr           60%        1d7       3%          1
 Swiftness                Air            33%        N/A       3%          3
 Ensorcelled Hibernation  Hex/Ice        30%        N/A       5%          2
 Passwall                 Tmut/Erth      12%        N/A       5%          2
 Slow                     Hex            15%        N/A       5%          2
 Confusing Touch          Hex            15%        N/A       11%         3
 Tukima's Dance           Hex            15%        N/A       11%         3
 Vampiric Draining        Necr           7%         2d7       11%         3
 Petrify                  Tmut/Erth      15%        N/A       34%         4
 Blade Hands              Tmut           7%         N/A       67%         5
 Metabolic Englaciation   Hex/Ice        7%         N/A       67%         5
 Yara's Violent Unravell  Hex/Tmut       7%         3d5       67%         5
 Invisibility             Hex            7%         N/A       99%         6
 Iron Shot                Conj/Erth      7%         9d2       99%         6
 Statue Form              Tmut/Erth      10%        N/A       99%         6
 Animate Armour           Summ/Erth      Unusable   N/A       N/A         4

Dungeon Overview and Level Annotations

Branches:
Dungeon (11/15)            Temple (1/1) D:4
   Lair: D:8-11         Orc: D:9-12

Altars:
Ashenzari
Cheibriados
Dithmenos
Elyvilon
Fedhas
Gozag
Hepliaklqana
Kikubaaqudgha
Nemelex Xobeh
Okawaru
Ru
Sif Muna
Trog
Uskayaw
Vehumet
Wu Jian
Xom
Yredelemnul
Zin
The Shining One

Annotations:
D:8 Gastronok
D:9 2 transporters, krigyl's ghost, novice MiCA


Innate Abilities, Weirdness & Mutations

You can breathe blasts of noxious fumes.
Your lurid green scales are hard. (AC +7)
You cannot fit into any form of body armour.
Your system is resistant to poisons. (rPois)
You are cold-blooded and may be slowed by cold attacks.


Message History

w - 4 golden potions (gained 1) Key pressed, stopping explore.
You now have 596 gold pieces (gained 11).
Key pressed, stopping explore.
Things that are here:
a +0 troll leather armour; a troll skeleton
Found a ring mail.
Done exploring.
Done exploring.
Done exploring.
Done exploring.
Done exploring.
Search for what [Enter for "."]? .
Things that are here:
a +0 troll leather armour; a troll skeleton
There is a stone staircase leading down here.
You climb downwards.
The centaur shouts! x4
The centaur hits you. The centaur kicks you.
The centaur wields a +0 shortbow.
The centaur shoots an arrow.
The arrow hits you.
There is a stone staircase leading up here.
You take 6 damage, and have 76/82 hp.
You hit the centaur.
The centaur is moderately wounded.
The centaur hits you.
The centaur kicks you but does no damage.
The centaur hits you. The centaur barely misses you.
The centaur closely misses you. The centaur misses you.
The centaur closely misses you. x2
The centaur hits you but does no damage.
The centaur kicks you but does no damage.
The centaur hits you but does no damage.
The centaur kicks you but does no damage.
You take 3 damage, and have 73/82 hp.
You slash the centaur!
The Singing Sword shouts, "Murder is sin, but it will be washed away with blood."
You send a blast of sound all around you.
The troll and the centaurs are blasted.
The troll is moderately wounded.
The centaur is almost dead.
The centaur is heavily wounded.
The centaur is almost dead.
The centaur is severely wounded.
You kill the centaur!
The centaur hits you. The centaur misses you. The centaur hits you.
The centaur kicks you but does no damage.
The troll bites you! The troll claws you!
The troll claws you but does no damage. The centaur barely misses you.
The centaur kicks you but does no damage.
You take 32 damage, and have 41/82 hp.
MASSIVE DAMAGE!!
You closely miss the centaur.
The centaur is heavily wounded.
The centaur shoots an arrow.
The arrow closely misses you.
The arrow hits the troll.
The centaur hits you but does no damage.
The centaur barely misses you. The centaur closely misses you.
The centaur completely misses you. The troll bites you!
The troll claws you but does no damage. The troll claws you.
* * * LOW HITPOINT WARNING * * *
The centaur closely misses you.
The centaur kicks you but does no damage.
The centaur barely misses you. The centaur kicks you.
* * * LOW HITPOINT WARNING * * *
The centaur shoots an arrow.
The arrow closely misses you.
The arrow barely misses the troll.
The centaur closely misses you.
The centaur kicks you but does no damage.
You take 18 damage, and have 23/82 hp.
MASSIVE DAMAGE!!
The centaur hits you.
* * * LOW HITPOINT WARNING * * *
The centaur kicks you but does no damage.
The centaur shoots an arrow.
The arrow hits you!
* * * LOW HITPOINT WARNING * * *
The centaur misses you.
The centaur kicks you but does no damage.
The troll closely misses you. The troll claws you!
* * * LOW HITPOINT WARNING * * *
The troll claws you but does no damage. The centaur misses you. x2
The centaur hits you.
* * * LOW HITPOINT WARNING * * *
The centaur kicks you but does no damage.
The centaur misses you.
The centaur kicks you but does no damage.
The centaur shoots an arrow.
The arrow hits you.
* * * LOW HITPOINT WARNING * * *
You climb upwards.
There is a stone staircase leading down here.
You take 19 damage, and have 4/82 hp.
MASSIVE DAMAGE!!
Okay, then.
Unknown command.
Okay, then.
Unknown command.
Okay, then.
Unknown command.
Unknown command.
As you read the scroll labelled SUOJANW NOIDUT, it crumbles to dust.
You feel strangely unstable.
It was a scroll of teleportation.
The centaur hits you but does no damage.
The centaur kicks you but does no damage.
The troll bites you!
You die...

#.......# ###. #......##
## ####......# ..###.....#
..........# ..........#
###### ..........###....#
......###.#....c.##
......# #[#.....@.## #
......# ##.....cTc.# ##
.....## ##.........## #.
.....# #...........# ##.
.[..## #..........## #..
...## ##.........## #..
#### #...........##### ###
##..............##########
#...........###....##....


You could see a troll and 3 centaurs.

Vanquished Creatures
  A centaur warrior (D:9)
  Nergalle (D:10)
  A komodo dragon (D:7)
  2 trolls (D:10)
  Sigmund (D:6)
  A shadow (D:9)
  Eustachio (D:5)
  5 yaks (D:9)
  A steam dragon (D:7)
  Edmund (D:6)
  A water moccasin (D:7)
  A black bear (D:4)
  2 ice beasts (D:5)
  6 centaurs
  2 ogres (D:6)
  Blork the orc (D:6)
  2 kobold brigands
  A bullfrog (D:7)
  5 scorpions
  A wyvern skeleton (D:6)
  10 killer bees (D:10)
  An oklob sapling (D:4)
  8 wights
  4 howler monkeys
  7 centaur zombies
  A bullfrog zombie (D:5)
  7 hounds
  3 jellies
  7 orc priests
  2 centaur skeletons (D:7)
  An iguana (D:5)
  5 orc wizards
  A killer bee zombie (D:3)
  19 gnolls
  10 adders
  2 shadow imps
  3 worms
  41 orcs
  9 ball pythons
  10 endoplasms
  4 giant cockroaches
  8 hobgoblins
  20 jackals
  16 kobolds
  A quokka (D:4)
  11 bats
  3 frilled lizards
  5 goblins
  5 rats
261 creatures vanquished.

Vanquished Creatures (others)
  7 foxfires (D:4)
  73 fungi
  23 plants (D:4)
103 creatures vanquished.

Grand Total: 364 creatures vanquished

Notes
Turn   | Place    | Note
-------+----------+-------------------------------------------
     0 | D:1      | SkeletonJelly the Draconian Cinder Acolyte began the quest
                  | for the Orb.
     0 | D:1      | Reached XP level 1. HP: 19/19 MP: 2/2
    77 | D:1      | Reached XP level 2. HP: 10/26 MP: 3/3
   389 | D:1      | Learned a level 2 spell: Scorch
   607 | D:1      | Reached XP level 3. HP: 24/31 MP: 1/4
  2088 | D:2      | Reached XP level 4. HP: 38/38 MP: 2/5
  2142 | D:2      | Found a shadowy altar of Dithmenos.
  2896 | D:3      | Reached XP level 5. HP: 32/45 MP: 2/6
  3416 | D:4      | Noticed a black bear
  3426 | D:4      | Killed a black bear
  3427 | D:4      | Reached skill level 5 in Long Blades
  3427 | D:4      | Reached skill level 5 in Fire Magic
  3427 | D:4      | Reached XP level 6. HP: 15/51 MP: 0/7
  3710 | D:4      | Found a staircase to the Ecumenical Temple.
  4069 | D:4      | Found an ornate altar of the Wu Jian Council.
  4091 | D:4      | Found a broken altar of Ashenzari.
  5070 | D:4      | Your scales start taking on a lurid green colour.
  5070 | D:4      | Reached XP level 7. HP: 51/57 MP: 3/8
  5070 | D:4      | Gained mutation: Your system is resistant to poisons.
                  | (rPois) [Green Draconian growth]
  5900 | D:4      | Found an opulent altar of Gozag.
  5901 | D:4      | Found a sparkling altar of Nemelex Xobeh.
  6264 | Temple   | Entered the Ecumenical Temple
  6533 | D:5      | Entered Level 5 of the Dungeon
  6811 | D:5      | Learned a level 2 spell: Poisonous Vapours
  6823 | D:5      | Reached XP level 8. HP: 47/62 MP: 1/11
  7439 | D:5      | Noticed Eustachio
  7444 | D:5      | Killed Eustachio
  7822 | D:6      | Noticed Sigmund
  7825 | D:6      | Killed Sigmund
  7825 | D:6      | Noticed Edmund
  7872 | D:6      | Killed Edmund
  8194 | D:6      | Reached XP level 9. HP: 70/70 MP: 10/15
  8315 | D:6      | Identified the amulet of Ihodasm {Faith Dex+4}
  8431 | D:6      | Noticed Blork the orc
  8432 | D:6      | Reached skill level 10 in Fire Magic
  8439 | D:6      | Killed Blork the orc
  8440 | D:6      | Reached skill level 5 in Spellcasting
  9129 | D:7      | Reached skill level 1 in Air Magic
  9129 | D:7      | Reached skill level 1 in Poison Magic
  9284 | D:7      | Noticed a komodo dragon
  9299 | D:7      | Killed a komodo dragon
  9534 | D:7      | Found an ornate altar of the Wu Jian Council.
 10098 | D:7      | Found the +7 Singing Sword {vorpal, sonic wave}
 10558 | D:8      | Noticed Gastronok
 10596 | D:8      | Identified the +1 hand axe "Vufeklum" {flame, +Blink rN+
                  | Int-4}
 10629 | D:8      | You fall into a shaft and drop 3 floors!
 10655 | D:10     | Entered Level 10 of the Dungeon
 10699 | D:9      | Reached XP level 10. HP: 44/70 MP: 21/21
 10982 | D:9      | Noticed a centaur warrior
 10988 | D:9      | Killed a centaur warrior
 11400 | D:9      | Found a transporter.
 11400 | D:9      | Noticed a tengu warrior
 11403 | D:9      | Noticed a moth of wrath
 11403 | D:9      | Noticed a two-headed ogre
 11404 | D:9      | Noticed krigyl's ghost (novice MiCA)
 11406 | D:9      | Found a bloodstained altar of Trog.
 11416 | D:9      | Found a transporter.
 11420 | D:9      | Noticed a two-headed ogre
 12168 | D:10     | Noticed Nergalle
 12185 | D:10     | Killed Nergalle
 12186 | D:10     | Reached skill level 10 in Spellcasting
 12454 | D:10     | Reached XP level 11. HP: 74/82 MP: 13/25
 13157 | D:11     | HP: 3/82 [centaur/arrow (2)]
 13159 | D:10     | Mangled by a troll

Illustrated notes

Levels and vault maps discovered:
D:1:      minmay_arrival_split_and_join, layout_basic, minmay_quantized
D:2:      layout_loops_cross, basic_altar, hangedman_decor_clover_reticule
D:3:      layout_basic, st_stairs_7
D:4:      lemuel_castle_with_subvaults [lemuel_castle_interior_original],
          layout_loops_ring, grunt_temple_overflow_opulence,
          mainiacjoe_overflow_catch_the_wave, minmay_temple_entry_oklob
D:5:      layout_basic, serial_rivers, chequers_serial_rivers_small_3,
          chequers_serial_rivers_micro_a, chequers_serial_rivers_small_3,
          chequers_serial_rivers_marsh, uniq_eustachio
D:6:      layout_rooms, minmay_manual_mares, uniq_edmund, uniq_blork_the_orc,
          uniq_sigmund
D:7:      old_forge, layout_rooms, minmay_ruined_shrine
D:8:      layout_layer_cave, kennysheep_little_box,
          mainiacjoe_overflow_brackets, minivault_5, st_stairs_14,
          uniq_gastronok
D:9:      layout_loops_ring, gammafunk_ghost_wrathful_warriors
D:10:     layout_cave_pods, uniq_nergalle
D:11:     layout_irregular_city, lair_entry_dummy, nicolae_trove_entry_diagonal,
          fedhas_altar_3
Temple:   nicolae_temple_elliptical

Skill      XL: |  1  2  3  4  5  6  7  8  9 10 |
---------------+-------------------------------+-----
Long Blades    | 4 5 6 8 |  8.6
Fire Magic     | 4 5 6 7 9 10 | 10.0
Spellcasting   | 2 4 7 10 | 10.0
Air Magic      | 3 |  3.0
Poison Magic   | 4 |  4.1
Fighting       | |  3.2

Action                   |  1- 3 |  4- 6 |  7- 9 | 10-12 || total
-------------------------+-------+-------+-------+-------++-------
Melee: Falchion          |   103 |    52 |   128 |       ||   283
       Tailslap          |     8 |     3 |    11 |     4 ||    26
       Double sword      |       |       |     1 |    68 ||    69
 Cast: Scorch            |    24 |    66 |   132 |    21 ||   243
       Poisonous Vapours |       |       |    14 |    10 ||    24
Invok: Foxfire Swarm     |       |     1 |       |       ||     1
 Abil: Breathe Noxious F |       |       |    23 |     8 ||    31
Evoke: Wand              |       |       |     4 |       ||     4
  Use: Scroll            |       |       |       |     1 ||     1
 Stab: Confused          |       |       |     6 |     2 ||     8
Armor: Skin              |    43 |    31 |    72 |    43 ||   189
Dodge: Dodged            |    70 |    49 |   116 |    69 ||   304

Table legend: (Time is in decaauts)
 A = Elapsed time spent in this place.
 B = Non-inter-level travel time spent in this place.
 C = Inter-level travel time spent in this place.
 D = Time resting spent in this place.
 E = Time spent auto-exploring this place.
 F = Levels seen in this place.
 G = Mean time per level.
                   A        B        C        D        E       F      G
               +--------+--------+--------+--------+--------+-----+--------+
         Total |  13190 |  12658 |    532 |     77 |  10733 |  12 | 1099.2 |
       Dungeon |  13018 |  12509 |    509 |     77 |  10599 |  11 | 1183.5 |
        Temple |    171 |    148 |     23 |      0 |    134 |   1 |  171.0 |
               +--------+--------+--------+--------+--------+-----+--------+

Top non-repeatable levels by time:
     D:4: 2996 daAuts
     D:9: 1434 daAuts
     D:7: 1426 daAuts
     D:1: 1392 daAuts
     D:5: 1333 daAuts
     D:6: 1300 daAuts
     D:3: 1080 daAuts
    D:10: 1074 daAuts
     D:2: 908 daAuts
  Temple: 171 daAuts
     D:8: 40 daAuts
    D:11: 31 daAuts
